 Dungeon Crawl Stone Soup version 0.20.1-1-g8b1a95d (webtiles) character file.

55 KoningWillie the Grave Robber (level 3, -4/26 (28) HPs)
             Began as a Ghoul Necromancer on Oct 12, 2017.
             Killed from afar by Natasha (11 damage)
             ... with a magic dart
             ... on level 2 of the Dungeon.
             The game lasted 00:09:58 (1561 turns).

KoningWillie the Grave Robber (Ghoul Necromancer)   Turns: 1561, Time: 00:09:59

HP:   -4/26 (28)    AC:  2    Str: 11    XL:     3   Next: 93%
MP:   0/5           EV: 12    Int: 11    God:
Gold: 98            SH:  0    Dex:  9    Spells: 1/6 levels left

rFire    . . .     SeeInvis .   d - +0 short sword
rCold    + . .     Gourm    .   (no shield)
rNeg     + + +     Faith    .   a - +0 robe
rPois    ∞         Spirit   .   (no helmet)
rElec    .         Reflect  .   (no cloak)
rCorr    .         Harm     .   (no gloves)
MR       .....                  (no boots)
Stlth    ++........             (no amulet)
Regen    0.0/turn               (no ring)
MPRegen  0.1/turn               (no ring)

@: very slightly contaminated, rotting, slowed, very slow
A: rotting body, claws 1, carnivore 3, cold resistance 1, negative energy
resistance 3, inhibited regeneration, torment resistance, unbreathing
a: no special abilities


You were on level 2 of the Dungeon.
You were not hungry.

You visited 1 branch of the dungeon, and saw 2 of its levels.

You collected 98 gold pieces.

Inventory:

Hand Weapons
 d - a +0 short sword (weapon)
Armour
 a - a +0 robe (worn)
 f - a +1 pair of gloves
Jewellery
 c - a cursed amulet of inaccuracy {unknown}
 i - a cursed -3 ring of protection {unknown}
Potions
 e - a potion of curing {unknown}
 h - a potion of flight {unknown}
 j - a potion of heal wounds {unknown}
 k - a potion of lignification {unknown}
Books
 b - a book of Necromancy

   Spells                             Type                      Level
   a - Pain                           Necromancy                   1
   b - Animate Skeleton               Necromancy                   1
   c - Vampiric Draining              Necromancy                   3
   d - Regeneration                   Charms/Necromancy            3
   e - Animate Dead                   Necromancy                   4
   f - Control Undead                 Necromancy                   4
Comestibles
 g - 2 royal jellies


   Skills:
 * Level 1.3 Fighting
 * Level 1.0 Short Blades
 + Level 2.0 Dodging
 * Level 2.6 Stealth
 + Level 2.2 Spellcasting
 + Level 4.3 Necromancy


You had one spell level left.
You knew the following spells:

 Your Spells              Type           Power        Failure   Level  Hunger
a - Pain                  Necr           ##..         4%          1    ##.....
b - Animate Skeleton      Necr           N/A          4%          1    ##.....
c - Vampiric Draining     Necr           ##........   14%         3    ####...


Dungeon Overview and Level Annotations

Branches:
Dungeon (2/15)

Altars:

Annotations:
D:2 Natasha


Innate Abilities, Weirdness & Mutations

Your body is rotting away.
You thrive on raw meat.
You are immune to poison.
You have sharp fingernails.
You are carnivorous and can eat meat at any time.
Your flesh is cold resistant. (rC+)
You are immune to negative energy. (rN+++)
You do not regenerate when monsters are visible.
You are immune to unholy pain and torment.
You can survive without breathing.


Message History

Aim: Natasha (chance to defeat MR: 63%) Natasha writhes in agony!
Natasha closely misses you. Natasha misses you.
Casting: Pain
Confirm with . or Enter, or press ? or * to list all spells.
Aiming: Pain
Press: ? - help, Shift-Dir - straight line, f/p - Natasha
Aim: Natasha (moderately wounded, chance to defeat MR: 63%)
You miscast Pain.
Nothing appears to happen.
Natasha claws you.
* * * LOW HITPOINT WARNING * * *
You hit Natasha but do no damage.
Natasha is moderately wounded.
Natasha closely misses you. x2
You closely miss Natasha.
Natasha is moderately wounded.
Natasha closely misses you.
You closely miss Natasha.
Natasha is moderately wounded.
Natasha stares at you and mumbles some strange words.
The magic dart hits you!
You die...

###.##h.. #...<..#
#.#.##... .# #.# #
. ####.#### #.#.
#.#........ #.#.#
..#.....# #.#..#
##...#...# #h#
#.###..#..S. #
#@####..S#.##.####
#.................
######...#.###.###
##.##.# #.# #
#..... ..# #
####.##### # #.# #
#.. . ### #


You could see Natasha.

Vanquished Creatures
  2 adders (D:2)
  A worm (D:2)
  A dart slug (D:1)
  A giant cockroach (D:1)
  9 goblins (D:1)
  5 hobgoblins
  A ball python (D:1)
  A bat (D:1)
  2 frilled lizards
  A kobold (D:1)
  4 rats
28 creatures vanquished.

Vanquished Creatures (collateral kills)
  A bat (D:1)
  A hobgoblin (D:1)
  A kobold (D:1)
  A rat (D:1)
4 creatures vanquished.

Grand Total: 32 creatures vanquished

Notes
Turn   | Place    | Note
-------+----------+-------------------------------------------
     0 | D:1      | KoningWillie the Ghoul Necromancer began the quest for the Orb.
     0 | D:1      | Reached XP level 1. HP: 14/14 MP: 2/2
   140 | D:1      | Reached XP level 2. HP: 6/22 MP: 0/3
   404 | D:1      | Reached skill level 1 in Fighting
   451 | D:1      | Learned a level 1 spell: Animate Skeleton
   635 | D:1      | Reached XP level 3. HP: 26/28 MP: 4/4
   893 | D:1      | Learned a level 3 spell: Vampiric Draining
  1188 | D:2      | Reached skill level 1 in Short Blades
  1543 | D:2      | Noticed Natasha
  1561 | D:2      | Killed from afar by Natasha

Skill      XL: |  1  2  3 |
---------------+----------+-----
Fighting       | 1 |  1.3
Spellcasting   | 2 |  2.2
Short Blades   | 1 |  1.0
Dodging        | 2 |  2.0
Stealth        | |  2.6
Necromancy     | |  4.3

Action                   || total
-------------------------++-------
Melee: Short sword       ||   110
 Cast: Pain              ||    24
       Animate Skeleton  ||     6
  Use: Scroll            ||     3
 Stab: Sleeping          ||     1
  Eat: Chunk             ||    21
       Meat ration       ||     1
Armor: Robe              ||    12
Dodge: Dodged            ||    71
